 Dungeon Crawl Stone Soup version 0.29.0-4-gdea44cf6ec (webtiles) character file.

Game seed: 10152675472997975507

30622 qw the Blocker (level 13, 0/120 HPs)
             Began as a Troll Cinder Acolyte on Sept 3, 2022.
             Was a Follower of Okawaru.
             Slain by a spriggan rider
             ... wielding a +0 spear
              (26 damage)
             ... on level 5 of the Lair of Beasts.
             The game lasted 00:06:46 (12012 turns).

qw the Blocker (Troll Cinder Acolyte)              Turns: 12012, Time: 00:06:46

Health: 0/120      AC:  8    Str: 28    XL:     13   Next: 21%
Magic:  11/13      EV:  9    Int: 14    God:    Okawaru [*.....]
Gold:   791        SH: 32    Dex:  4    Spells: 14/14 levels left

rFire   . . .      SeeInvis .     - Unarmed
rCold   + . .      Faith    .   j - +14 tower shield of Wasted Space {+Blink rF- Will++}
rNeg    . . .      Spirit   .   l - +2 robe {rC+}
rPois   .          Reflect  .   (helmet restricted)
rElec   .          Harm     .   g - +1 cloak
rCorr   +          Rampage  .   (gloves unavailable)
Will    ++...                   (boots unavailable)
Stlth   ++........              i - amulet of the acrobat
HPRegen 1.10/turn               f - ring of resist corrosion
MPRegen 0.13/turn               s - +4 ring of slaying {mikee}

@: about to teleport, heroic, fire susceptible
A: large, unfitting armour, claws 3, regeneration 1, shaggy fur 1, tough skin 1,
clever 1, fire resistance 1, subdued magic 1
a: Renounce Religion, Evoke Blink, Heroism


You were on level 5 of the Lair of Beasts.
You worshipped Okawaru.
Okawaru was aware of your devotion.
You visited 3 branches of the dungeon, and saw 17 of its levels.
You also visited: Ossuary.

You collected 1038 gold pieces.
You spent 247 gold pieces at shops.


Innate Abilities, Weirdness & Mutations

You are too large for most types of armour.
You have claws for hands.
Your natural rate of healing is unusually fast.
You are covered in fur. (AC +1)
You have tough skin. (AC +1)
Your mind is acute. (Int +4, Str/Dex -1)
Your flesh is heat resistant. (rF+)
Your spells are a little easier to cast, but a little less powerful.


   Skills:
 - Level 6.0(11.0) Fighting
 + Level 5.9(10.9) Throwing
 - Level 1.4(6.4) Armour
 - Level 2.0(7.0) Dodging
 - Level 14.0(19.0) Shields
 - Level 14.0(19.0) Unarmed Combat
 - Level 1.0 Spellcasting
 - Level 2.1 Fire Magic
 + Level 0.5 Invocations


You had 14 spell levels left.
You didn't know any spells.
Your spell library contained the following spells:

 Spells                   Type           Power      Damage    Failure   Level
 Scorch                   Fire           10%        2d5       26%         2

Inventory:

Missiles
 p - a boomerang
 q - 6 javelins
 r - 7 large rocks (quivered)
Armour
 g - a +1 cloak (worn)
 j - the +14 tower shield of Wasted Space (worn) {+Blink rF- Will++}
   (You acquired it on level 7 of the Dungeon)

   rF:        It makes you vulnerable to fire.
   +Blink:    It lets you blink.
   Will:      It greatly increases your willpower.
 l - a +2 robe of cold resistance (worn)
 v - the +1 tower shield "Jaiwipar" {rElec rF+ Will++}
   (You acquired it on level 11 of the Dungeon)

   rF:        It protects you from fire.
   rElec:     It insulates you from electricity.
   Will:      It greatly increases your willpower.
Jewellery
 f - a ring of resist corrosion (left claw)
 i - an amulet of the acrobat (around neck)
 s - a +4 ring of slaying (right claw) {mikee}
Scrolls
 k - 2 scrolls of enchant weapon
 m - 4 scrolls of identify
 o - 4 scrolls of teleportation
Potions
 b - 4 potions of haste
 c - 6 potions of curing
 d - a potion of mutation
 e - 2 potions of resistance
 h - 2 potions of cancellation
 n - 4 potions of might
 t - a potion of heal wounds

Dungeon Overview and Level Annotations

Branches:
Dungeon (11/15)            Temple (1/1) D:5            Lair (4/5) D:11
 Shoals (0/4) Lair:3       Spider (0/4) Lair:3      Ossuary (visited)
  Slime: Lair:4-5       Orc: D:9-12

Altars:
Ashenzari
Cheibriados
Dithmenos
Gozag
Hepliaklqana
Makhleb
Okawaru
Qazlal
Uskayaw
The Shining One
Lugonu

Shops:
D:11 *

Portals:
Abyss: Lair:2


Message History

You hear an angry growl.
You completely miss Rupert.
Rupert is moderately wounded.
You block the wolf's attack. The wolf bites you. You block Rupert's attack.
The spriggan rider hits you from afar with a +0 spear!!
The wolf completely misses you. The wolf bites you but does no damage.
You mangle Rupert!!
Rupert is severely wounded.
You hear a croak.
You block the wolf's attack. x2; You block Rupert's attack.
The spriggan rider hits you from afar with a +0 spear!
You hear a howl!
You hear a loud, deep croak!
You barely miss Rupert.
Rupert is heavily wounded.
You block the wolf's attack. x2
Rupert hits you with a +0 vorpal great sword!!
You block the spriggan rider's attack.
You eviscerate Rupert!!!
Rupert is almost dead.
You block the wolf's attack. x2; The wolf closely misses you.
You block the wolf's attack.
You closely miss Rupert.
Rupert is almost dead.
You hear some strange, mumbled words.
You block Rupert's attack. You block the spriggan rider's attack.
The wolf bites you. You block the wolf's attack.
12011 ||| READING 5 scrolls of teleportation.
As you read the scroll of teleportation, it crumbles to dust.
You feel strangely unstable. You block the wolf's attack. x2
Rupert roars wildly at you. You resist with almost no effort.
You block the spriggan rider's attack.
You mangle Rupert!!
You kill Rupert!
Okawaru is honoured by your kill. You block the wolf's attack. x2
A blink frog comes into view.
You block the wolf's attack. The wolf bites you.
The spriggan rider hits you from afar with a +0 spear!!
You die...

.
.777.
.7.7
...7
..7


7h7 7h77 7@h7 77)7 7i77 77i{7 7{F77 7.77 ... 7...7 7.... You could see a
spriggan rider, a polar bear, a blink frog, a spriggan and 2 wolves.

Vanquished Creatures
  Rupert (Lair:5)
  Nessos (Lair:3)
  2 boulder beetles (D:11)
  Fannar (Lair:1)
  3 two-headed ogres (D:11)
  3 death yaks (D:11)
  A tengu warrior (D:9)
  2 cyclopes
  Joseph (D:7)
  3 merfolk sirens (Lair:3)
  10 elephants (Lair:2)
  A gargoyle (D:11)
  5 cane toads
  2 unseen horrors (D:11)
  A rime drake (Lair:3)
  6 komodo dragons
  A rime drake (shapeshifter) (D:9)
  A yaktaur (D:11)
  2 polar bears
  A hornet (Lair:5)
  10 blink frogs (Lair:3)
  6 dream sheep (Lair:1)
  A spriggan (Lair:5)
  A vampire (D:11)
  A wraith (D:11)
  7 wyverns
  27 yaks
  A basilisk (Lair:3)
  2 water elementals (D:11)
  2 steam dragons
  4 vampire mosquitoes (D:11)
  An acid dragon (D:9)
  8 water moccasins
  A sky beast (D:7)
  3 orc warriors
  2 ice beasts
  3 centaurs
  A kobold brigand (D:7)
  5 bullfrogs
  A gnoll sergeant (D:7)
  A necrophage (D:5)
  A scorpion (D:4)
  3 wights (D:8)
  11 killer bees
  5 electric eels (D:11)
  A howler monkey (D:11)
  A human zombie (Ossuary)
  A hound (D:4)
  4 orc priests
  4 jellies
  3 iguanas
  12 orc wizards
  2 human simulacra (D:11)
  4 mummies (Ossuary)
  3 gnolls (D:7)
  9 adders
  A worm (D:2)
  3 dart slugs
  27 orcs
  2 bats
  8 endoplasms
  4 giant cockroaches
  6 goblins
  4 hobgoblins
  6 quokkas
  4 ball pythons
  4 frilled lizards
  A gnoll zombie (Ossuary)
  3 goblin zombies (Ossuary)
  A hobgoblin zombie (Ossuary)
  4 kobolds
  2 orc zombies (Ossuary)
  7 rats
  A lurking horror (Lair:2)
288 creatures vanquished.

Vanquished Creatures (others)
  6 fungi
  3 plants
9 creatures vanquished.

Grand Total: 297 creatures vanquished

Notes
Turn   | Place    | Note
-------+----------+-------------------------------------------
     0 | D:1      | qw the Troll Cinder Acolyte began the quest for the Orb.
     0 | D:1      | Reached XP level 1. HP: 22/22 MP: 1/1
     0 | D:1      | 0 ||| qw: Version: 0.1-a-102-g441f92d
     0 | D:1      | 0 ||| qw: Game counter: 5233
     0 | D:1      | 0 ||| qw: Always use a shield: true
     0 | D:1      | 0 ||| qw: God list: Okawaru
     0 | D:1      | 0 ||| qw: Allow faded altars: false
     0 | D:1      | 0 ||| qw: Do Orc after D:15 true
     0 | D:1      | 0 ||| qw: Do second Lair branch before Depths: true
     0 | D:1      | 0 ||| qw: Lair rune preference: random
     0 | D:1      | 0 ||| qw: Plans: Normal
     0 | D:1      | 0 ||| PLANNING D:1-11
   163 | D:1      | Reached XP level 2. HP: 26/29 MP: 2/2
   269 | D:1      | Found a faded altar of an unknown god.
   271 | D:1      | 271 ||| Stepping ~*~*~tactically~*~*~ (stealth).
   272 | D:1      | 272 ||| Stepping ~*~*~tactically~*~*~ (stealth).
   274 | D:1      | 274 ||| Stepping ~*~*~tactically~*~*~ (stealth).
   377 | D:1      | 377 ||| READING scroll labelled VINY BIUF.
   378 | D:1      | 378 ||| READING scroll labelled HYIFYDD OJICUE.
   379 | D:1      | 379 ||| READING scroll labelled NYSAERANU.
   380 | D:1      | 380 ||| Stepping randomly (stuck).
   381 | D:1      | 381 ||| Stepping ~*~*~tactically~*~*~ (cloud).
   491 | D:2      | 491 ||| Stepping ~*~*~tactically~*~*~ (hiding).
   505 | D:2      | Reached XP level 3. HP: 36/36 MP: 3/3
  1223 | D:2      | 1223 ||| UPGRADING to +0 cloak.
  1228 | D:2      | 1228 ||| UPGRADING to amulet of the acrobat.
  1233 | D:2      | 1233 ||| UPGRADING to ring of resist corrosion.
  1234 | D:2      | 1234 ||| READING scroll labelled GIOCZES GOATZY.
  1235 | D:2      | 1235 ||| DRINKING 2 golden potions.
  1274 | D:3      | Found a shadowy altar of Dithmenos.
  1274 | D:3      | Found a burning altar of Makhleb.
  1278 | D:3      | 1278 ||| STAIRDANCE
  1283 | D:3      | 1283 ||| STAIRDANCE
  1412 | D:3      | Reached XP level 4. HP: 44/44 MP: 4/4
  1798 | D:3      | Found a hazy altar of Hepliaklqana.
  2104 | D:3      | 2104 ||| READING scroll labelled XEOGENK ASITEN.
  2105 | D:3      | 2105 ||| READING scroll labelled DEIGIU MUREA.
  2110 | D:3      | 2110 ||| DRINKING 3 fizzy cyan potions.
  2111 | D:3      | 2111 ||| DROPPING 2 potions of brilliance.
  2162 | D:4      | Noticed a scorpion
  2170 | D:4      | Killed a scorpion
  2191 | D:4      | Found a hide-covered altar of Uskayaw.
  2234 | D:4      | Reached skill level 6 in Unarmed Combat
  2234 | D:4      | Reached XP level 5. HP: 47/50 MP: 5/5
  2258 | D:4      | Found a stormy altar of Qazlal.
  2449 | D:4      | 2449 ||| READING scroll labelled NOMNUT XUMP.
  2450 | D:4      | 2450 ||| READING scroll labelled TUIZXYWE YHEMA.
  2451 | D:4      | 2451 ||| READING scroll labelled MASYTYI ROLI.
  2476 | D:4      | 2476 ||| READING scroll labelled CIGHIU UHIJ.
  2529 | D:5      | Entered Level 5 of the Dungeon
  2530 | D:5      | 2530 ||| PLANNING OSSUARY
  2553 | D:5      | 2553 ||| DRINKING 3 potions of curing.
  2553 | D:5      | 2553 ||| (to cure confusion)
  2554 | D:5      | 2554 ||| INVOKING Fiery Armour.
  2556 | D:5      | 2556 ||| DRINKING 2 potions of curing.
  2556 | D:5      | 2556 ||| (to cure confusion)
  2557 | D:5      | 2557 ||| Stepping ~*~*~tactically~*~*~ (hiding).
  2560 | D:5      | Noticed an ice beast
  2562 | D:5      | 2562 ||| Stepping ~*~*~tactically~*~*~ (outnumbered).
  2563 | D:5      | 2563 ||| Stepping ~*~*~tactically~*~*~ (outnumbered).
  2564 | D:5      | 2564 ||| Stepping ~*~*~tactically~*~*~ (outnumbered).
  2565 | D:5      | 2565 ||| Stepping ~*~*~tactically~*~*~ (outnumbered).
  2566 | D:5      | 2566 ||| Stepping ~*~*~tactically~*~*~ (outnumbered).
  2570 | D:5      | 2570 ||| DRINKING potion of curing.
  2570 | D:5      | 2570 ||| (to cure confusion)
  2574 | D:5      | 2574 ||| FLEEEEING.
  2575 | D:5      | 2575 ||| FLEEEEING.
  2576 | D:5      | 2576 ||| FLEEEEING.
  2577 | D:5      | 2577 ||| FLEEEEING.
  2586 | D:5      | Killed an ice beast
  2587 | D:5      | Reached XP level 6. HP: 49/59 MP: 6/6
  2607 | D:5      | Found a staircase to the Ecumenical Temple.
  2649 | D:5      | 2649 ||| Stepping ~*~*~tactically~*~*~ (stealth).
  2668 | D:5      | 2668 ||| Stepping ~*~*~tactically~*~*~ (stealth).
  2792 | D:5      | 2792 ||| Stepping ~*~*~tactically~*~*~ (stealth).
  2796 | D:5      | 2796 ||| Stepping ~*~*~tactically~*~*~ (stealth).
  2829 | D:5      | 2829 ||| Stepping ~*~*~tactically~*~*~ (stealth).
  2831 | D:5      | 2831 ||| Stepping ~*~*~tactically~*~*~ (hiding).
  3126 | D:5      | Noticed a yak
  3126 | D:5      | Noticed a yak
  3132 | D:5      | Noticed a yak
  3133 | D:5      | 3133 ||| Stepping ~*~*~tactically~*~*~ (outnumbered).
  3134 | D:5      | 3134 ||| Stepping ~*~*~tactically~*~*~ (outnumbered).
  3134 | D:5      | Noticed a yak
  3135 | D:5      | 3135 ||| Stepping ~*~*~tactically~*~*~ (outnumbered).
  3136 | D:5      | 3136 ||| Stepping ~*~*~tactically~*~*~ (stealth).
  3138 | D:5      | Killed a yak
  3139 | D:5      | Reached skill level 3 in Fighting
  3139 | D:5      | Reached XP level 7. HP: 59/67 MP: 7/7
  3141 | D:5      | Killed a yak
  3153 | D:5      | 3153 ||| Stepping ~*~*~tactically~*~*~ (stealth).
  3155 | D:5      | Killed a yak
  3156 | D:5      | Reached skill level 9 in Unarmed Combat
  3162 | D:5      | Killed a yak
  3163 | D:5      | Reached XP level 8. HP: 51/75 MP: 8/8
  3213 | D:5      | 3213 ||| Stepping ~*~*~tactically~*~*~ (outnumbered).
  3265 | D:5      | Found a sand-covered staircase.
  3266 | D:5      | 3266 ||| DRINKING 3 dark potions.
  3273 | Ossuary  | Entered an ossuary
  3465 | Ossuary  | 3465 ||| READING scroll labelled IPTUON DUMU.
  3466 | Ossuary  | 3466 ||| DRINKING 3 metallic pink potions.
  3467 | Ossuary  | 3467 ||| DRINKING 2 sapphire potions.
  3468 | Ossuary  | 3468 ||| READING 2 scrolls of identify.
  3468 | Ossuary  | 3468 ||| IDENTIFYING amethyst potion
  3469 | Ossuary  | 3469 ||| DROPPING 2 potions of magic.
  3487 | D:5      | 3487 ||| PLANNING D:1-11
  3660 | D:5      | 3660 ||| Stepping randomly (stuck).
  4223 | D:6      | 4223 ||| READING scroll labelled UMMOSH GAUV.
  4224 | D:6      | 4224 ||| DRINKING 2 purple potions.
  4405 | D:7      | Identified the +9 great mace "Wulek" {vorpal, Stlth+}
  4411 | D:7      | 4411 ||| Stepping ~*~*~tactically~*~*~ (hiding).
  4413 | D:7      | 4413 ||| Stepping ~*~*~tactically~*~*~ (hiding).
  4542 | D:7      | 4542 ||| Stepping ~*~*~tactically~*~*~ (hiding).
  4544 | D:7      | 4544 ||| Stepping ~*~*~tactically~*~*~ (hiding).
  4549 | D:7      | 4549 ||| Stepping ~*~*~tactically~*~*~ (outnumbered).
  4553 | D:7      | 4553 ||| INVOKING Fiery Armour.
  4789 | D:7      | 4789 ||| Stepping ~*~*~tactically~*~*~ (hiding).
  4790 | D:7      | 4790 ||| Stepping ~*~*~tactically~*~*~ (hiding).
  4793 | D:7      | 4793 ||| Stepping ~*~*~tactically~*~*~ (hiding).
  4794 | D:7      | 4794 ||| Stepping ~*~*~tactically~*~*~ (hiding).
  4802 | D:7      | Reached skill level 1 in Throwing
  4805 | D:7      | 4805 ||| Stepping ~*~*~tactically~*~*~ (stealth).
  4937 | D:7      | Noticed Joseph
  4938 | D:7      | 4938 ||| Stepping ~*~*~tactically~*~*~ (hiding).
  4949 | D:7      | Killed Joseph
  4950 | D:7      | Reached XP level 9. HP: 54/84 MP: 9/9
  5020 | D:7      | 5020 ||| Stepping ~*~*~tactically~*~*~ (outnumbered).
  5035 | D:7      | 5035 ||| Stepping ~*~*~tactically~*~*~ (hiding).
  5036 | D:7      | 5036 ||| Stepping ~*~*~tactically~*~*~ (hiding).
  5041 | D:7      | 5041 ||| Stepping ~*~*~tactically~*~*~ (outnumbered).
  5146 | D:7      | 5146 ||| READING 2 scrolls labelled FUPUUL MEKHLA.
  5147 | D:7      | 5147 ||| READING scroll labelled MAKYUNL UJAF.
  5147 | D:7      | Identified a scroll of acquirement
  5147 | D:7      | 5147 ||| ACQUIRING +14 tower shield of Wasted Space {+Blink
                  | rF- Will++}
  5147 | D:7      | Acquired the +14 tower shield of Wasted Space {+Blink rF-
                  | Will++}
  5149 | D:7      | 5149 ||| UPGRADING to +14 tower shield of Wasted Space
                  | {+Blink rF- Will++}.
  5154 | D:7      | 5154 ||| DROPPING scroll of amnesia.
  5173 | D:8      | 5173 ||| STAIRDANCE
  5188 | D:8      | 5188 ||| STAIRDANCE
  5191 | D:7      | Reached skill level 1 in Shields
  5194 | D:7      | 5194 ||| INVOKING Fiery Armour.
  5262 | D:8      | Reached skill level 3 in Shields
  5292 | D:8      | 5292 ||| Stepping ~*~*~tactically~*~*~ (hiding).
  5345 | D:8      | 5345 ||| INVOKING Fiery Armour.
  5347 | D:8      | 5347 ||| Stepping ~*~*~tactically~*~*~ (stealth).
  5350 | D:8      | 5350 ||| Stepping ~*~*~tactically~*~*~ (hiding).
  5459 | D:8      | Found a glowing golden altar of the Shining One.
  5459 | D:8      | Found an opulent altar of Gozag.
  5670 | D:8      | Found a flagged portal.
  5838 | D:8      | 5838 ||| READING 2 scrolls of identify.
  5838 | D:8      | 5838 ||| IDENTIFYING emerald potion
  5874 | D:9      | 5874 ||| STAIRDANCE
  5978 | D:9      | 5978 ||| Stepping ~*~*~tactically~*~*~ (hiding).
  5997 | D:9      | Noticed a tengu warrior
  5998 | D:9      | 5998 ||| Stepping ~*~*~tactically~*~*~ (stealth).
  6001 | D:9      | 6001 ||| Stepping ~*~*~tactically~*~*~ (stealth).
  6015 | D:9      | 6015 ||| INVOKING Fiery Armour.
  6029 | D:9      | Killed a tengu warrior
  6030 | D:9      | Reached skill level 6 in Shields
  6127 | D:9      | 6127 ||| INVOKING Fiery Armour.
  6145 | D:9      | Reached XP level 10. HP: 45/92 MP: 10/10
  6308 | D:9      | Noticed a cyclops
  6311 | D:9      | 6311 ||| Stepping ~*~*~tactically~*~*~ (outnumbered).
  6324 | D:9      | Killed a cyclops
  6678 | D:9      | 6678 ||| UPGRADING to +4 ring of slaying {mikee}.
  6679 | D:9      | 6679 ||| READING 2 scrolls of identify.
  6679 | D:9      | 6679 ||| IDENTIFYING orange potion
  6680 | D:9      | 6680 ||| DROPPING potion of ambrosia.
  6710 | D:10     | Entered Level 10 of the Dungeon
  6902 | D:10     | 6902 ||| Stepping ~*~*~tactically~*~*~ (stealth).
  6906 | D:10     | 6906 ||| Stepping ~*~*~tactically~*~*~ (stealth).
  6912 | D:10     | 6912 ||| Stepping ~*~*~tactically~*~*~ (outnumbered).
  6913 | D:10     | 6913 ||| Stepping ~*~*~tactically~*~*~ (outnumbered).
  6914 | D:10     | 6914 ||| Stepping ~*~*~tactically~*~*~ (outnumbered).
  6915 | D:10     | 6915 ||| Stepping ~*~*~tactically~*~*~ (outnumbered).
  6916 | D:10     | 6916 ||| Stepping ~*~*~tactically~*~*~ (outnumbered).
  6917 | D:10     | 6917 ||| Stepping ~*~*~tactically~*~*~ (outnumbered).
  6919 | D:10     | 6919 ||| Stepping ~*~*~tactically~*~*~ (outnumbered).
  6929 | D:10     | Reached skill level 9 in Shields
  7205 | D:10     | 7205 ||| Stepping ~*~*~tactically~*~*~ (hiding).
  7406 | D:11     | 7406 ||| INVOKING Fiery Armour.
  7407 | D:11     | 7407 ||| STAIRDANCE
  7432 | D:11     | 7432 ||| STAIRDANCE
  7469 | D:11     | 7469 ||| Stepping ~*~*~tactically~*~*~ (outnumbered).
  7470 | D:11     | 7470 ||| Stepping ~*~*~tactically~*~*~ (outnumbered).
  7471 | D:11     | 7471 ||| Stepping ~*~*~tactically~*~*~ (outnumbered).
  7492 | D:11     | Noticed a death yak
  7493 | D:11     | 7493 ||| Stepping ~*~*~tactically~*~*~ (stealth).
  7499 | D:11     | 7499 ||| Stepping ~*~*~tactically~*~*~ (stealth).
  7500 | D:11     | Noticed a death yak
  7501 | D:11     | Noticed a death yak
  7502 | D:11     | 7502 ||| Stepping ~*~*~tactically~*~*~ (stealth).
  7504 | D:11     | 7504 ||| Stepping ~*~*~tactically~*~*~ (stealth).
  7505 | D:11     | 7505 ||| INVOKING Fiery Armour.
  7508 | D:11     | 7508 ||| Stepping ~*~*~tactically~*~*~ (stealth).
  7510 | D:11     | 7510 ||| Stepping ~*~*~tactically~*~*~ (outnumbered).
  7511 | D:11     | 7511 ||| Stepping ~*~*~tactically~*~*~ (stealth).
  7512 | D:11     | 7512 ||| Stepping ~*~*~tactically~*~*~ (outnumbered).
  7513 | D:11     | 7513 ||| Stepping ~*~*~tactically~*~*~ (outnumbered).
  7514 | D:11     | 7514 ||| Stepping ~*~*~tactically~*~*~ (outnumbered).
  7516 | D:11     | 7516 ||| Stepping ~*~*~tactically~*~*~ (outnumbered).
  7517 | D:11     | Noticed a boulder beetle
  7518 | D:11     | 7518 ||| Stepping ~*~*~tactically~*~*~ (stealth).
  7529 | D:11     | Killed a death yak
  7540 | D:11     | Killed a death yak
  7541 | D:11     | Reached skill level 3 in Throwing
  7548 | D:11     | 7548 ||| Stepping ~*~*~tactically~*~*~ (stealth).
  7550 | D:11     | Killed a death yak
  7551 | D:11     | Reached XP level 11. HP: 79/100 MP: 11/11
  7580 | D:11     | Found a staircase to the Lair.
  7597 | D:11     | Killed a boulder beetle
  7965 | D:11     | 7965 ||| Stepping ~*~*~tactically~*~*~ (hiding).
  7999 | D:11     | Noticed a boulder beetle
  8000 | D:11     | 8000 ||| INVOKING Fiery Armour.
  8014 | D:11     | Killed a boulder beetle
  8053 | D:11     | Reached skill level 12 in Shields
  8054 | D:11     | 8054 ||| Stepping ~*~*~tactically~*~*~ (stealth).
  8055 | D:11     | 8055 ||| Stepping ~*~*~tactically~*~*~ (stealth).
  8219 | D:11     | 8219 ||| READING scroll of acquirement.
  8219 | D:11     | 8219 ||| ACQUIRING +1 tower shield "Jaiwipar" {rElec rF+
                  | Will++}
  8219 | D:11     | Acquired the +1 tower shield "Jaiwipar" {rElec rF+ Will++}
  8351 | D:11     | Noticed a two-headed ogre
  8351 | D:11     | Noticed a two-headed ogre
  8352 | D:11     | 8352 ||| INVOKING Fiery Armour.
  8353 | D:11     | Noticed a two-headed ogre
  8363 | D:11     | 8363 ||| Stepping ~*~*~tactically~*~*~ (outnumbered).
  8364 | D:11     | 8364 ||| Stepping ~*~*~tactically~*~*~ (outnumbered).
  8366 | D:11     | 8366 ||| Stepping ~*~*~tactically~*~*~ (outnumbered).
  8367 | D:11     | Killed a two-headed ogre
  8371 | D:11     | Killed a two-headed ogre
  8374 | D:11     | HP: 20/100 [something (8)]
  8375 | D:11     | 8375 ||| READING 3 scrolls of teleportation.
  8376 | D:11     | 8376 ||| DRINKING potion of heal wounds.
  8407 | D:11     | 8407 ||| Stepping ~*~*~tactically~*~*~ (stealth).
  8408 | D:11     | 8408 ||| FLEEEEING.
  8409 | D:11     | 8409 ||| FLEEEEING.
  8410 | D:11     | 8410 ||| FLEEEEING.
  8495 | D:11     | 8495 ||| Invisible monster not found???
  8516 | D:11     | 8516 ||| INVOKING Fiery Armour.
  8517 | D:11     | 8517 ||| Stepping ~*~*~tactically~*~*~ (outnumbered).
  8518 | D:11     | 8518 ||| Stepping ~*~*~tactically~*~*~ (outnumbered).
  8519 | D:11     | 8519 ||| Stepping ~*~*~tactically~*~*~ (outnumbered).
  8520 | D:11     | 8520 ||| Stepping ~*~*~tactically~*~*~ (outnumbered).
  8521 | D:11     | 8521 ||| Stepping ~*~*~tactically~*~*~ (outnumbered).
  8522 | D:11     | 8522 ||| Stepping ~*~*~tactically~*~*~ (outnumbered).
  8523 | D:11     | 8523 ||| Stepping ~*~*~tactically~*~*~ (outnumbered).
  8525 | D:11     | 8525 ||| Stepping ~*~*~tactically~*~*~ (outnumbered).
  8536 | D:11     | Reached skill level 12 in Unarmed Combat
  8648 | D:11     | 8648 ||| Stepping ~*~*~tactically~*~*~ (stealth).
  8664 | D:11     | 8664 ||| FLEEEEING.
  8665 | D:11     | 8665 ||| FLEEEEING.
  8666 | D:11     | 8666 ||| FLEEEEING.
  8690 | D:11     | 8690 ||| Stepping ~*~*~tactically~*~*~ (stealth).
  8694 | D:11     | Killed a two-headed ogre
  8695 | D:11     | Reached XP level 12. HP: 106/109 MP: 12/12
  8765 | D:11     | Found Asagonku's Assorted Antiques.
  8774 | D:11     | 8774 ||| BUYING scroll of enchant armour (247 gold).
  8774 | D:11     | Bought a scroll of enchant armour for 247 gold pieces
  8774 | D:11     | 8774 ||| READING scroll of enchant armour.
  8774 | D:11     | 8774 ||| ENCHANTING +0 cloak.
  8836 | D:11     | 8836 ||| PLANNING LAIR
  8836 | D:11     | 8836 ||| DRINKING 2 yellow potions.
  8836 | D:11     | Gained mutation: Your mind is acute. (Int +4, Str/Dex -1)
                  | [potion of mutation]
  8836 | D:11     | Gained mutation: Your spells are a little easier to cast,
                  | but a little less powerful. [potion of mutation]
  8836 | D:11     | Gained mutation: Your flesh is heat resistant. (rF+)
                  | [potion of mutation]
  8837 | D:11     | 8837 ||| DRINKING 2 brown potions.
  8838 | D:11     | 8838 ||| DRINKING 2 white potions.
  8860 | D:11     | 8860 ||| READING 3 scrolls of identify.
  8860 | D:11     | 8860 ||| IDENTIFYING murky inky potion
  8861 | D:11     | 8861 ||| DROPPING potion of attraction.
  8862 | D:11     | 8862 ||| DROPPING potion of flight.
  8863 | D:11     | 8863 ||| DROPPING potion of lignification.
  8877 | Lair:1   | Entered Level 1 of the Lair of Beasts
  8877 | Lair:1   | Noticed Fannar
  8890 | Lair:1   | 8890 ||| Stepping ~*~*~tactically~*~*~ (outnumbered).
  8892 | Lair:1   | 8892 ||| Stepping ~*~*~tactically~*~*~ (outnumbered).
  8894 | Lair:1   | Killed Fannar
  9001 | Lair:1   | 9001 ||| Stepping ~*~*~tactically~*~*~ (stealth).
  9004 | Lair:1   | 9004 ||| Stepping ~*~*~tactically~*~*~ (stealth).
  9008 | Lair:1   | 9008 ||| Stepping ~*~*~tactically~*~*~ (stealth).
  9599 | Lair:1   | 9599 ||| UPGRADING to +2 robe of cold resistance.
  9609 | Lair:1   | 9609 ||| DROPPING +0 robe.
  9655 | Lair:2   | Found a one-way gate to the infinite horrors of the Abyss.
  9662 | Lair:2   | 9662 ||| Stepping ~*~*~tactically~*~*~ (stealth).
  9756 | Lair:2   | Found a corrupted altar of Lugonu.
  9780 | Lair:2   | 9780 ||| Stepping ~*~*~tactically~*~*~ (outnumbered).
  9923 | Lair:2   | Reached skill level 1 in Armour
  9926 | Lair:2   | 9926 ||| Stepping ~*~*~tactically~*~*~ (outnumbered).
  9927 | Lair:2   | 9927 ||| Stepping ~*~*~tactically~*~*~ (outnumbered).
  9929 | Lair:2   | 9929 ||| Stepping ~*~*~tactically~*~*~ (outnumbered).
 10019 | Lair:2   | 10019 ||| Stepping ~*~*~tactically~*~*~ (stealth).
 10021 | Lair:2   | 10021 ||| Stepping ~*~*~tactically~*~*~ (stealth).
 10025 | Lair:2   | 10025 ||| Stepping ~*~*~tactically~*~*~ (stealth).
 10035 | Lair:2   | 10035 ||| Stepping ~*~*~tactically~*~*~ (stealth).
 10036 | Lair:2   | 10036 ||| Stepping ~*~*~tactically~*~*~ (stealth).
 10039 | Lair:2   | 10039 ||| Stepping ~*~*~tactically~*~*~ (stealth).
 10040 | Lair:2   | 10040 ||| Stepping ~*~*~tactically~*~*~ (stealth).
 10041 | Lair:2   | 10041 ||| Stepping ~*~*~tactically~*~*~ (stealth).
 10042 | Lair:2   | 10042 ||| Stepping ~*~*~tactically~*~*~ (stealth).
 10490 | Lair:2   | 10490 ||| READING scroll labelled ISHREWKORITH.
 10540 | Lair:3   | 10540 ||| INVOKING Fiery Armour.
 10541 | Lair:3   | 10541 ||| Stepping ~*~*~tactically~*~*~ (stealth).
 10543 | Lair:3   | 10543 ||| Stepping ~*~*~tactically~*~*~ (stealth).
 10548 | Lair:3   | 10548 ||| Stepping ~*~*~tactically~*~*~ (stealth).
 10549 | Lair:3   | 10549 ||| Stepping ~*~*~tactically~*~*~ (stealth).
 10551 | Lair:3   | 10551 ||| Stepping ~*~*~tactically~*~*~ (stealth).
 10552 | Lair:3   | 10552 ||| Stepping ~*~*~tactically~*~*~ (stealth).
 10812 | Lair:3   | Noticed Nessos
 10813 | Lair:3   | 10813 ||| Stepping ~*~*~tactically~*~*~ (stealth).
 10815 | Lair:3   | 10815 ||| INVOKING Fiery Armour.
 10826 | Lair:3   | 10826 ||| Stepping ~*~*~tactically~*~*~ (hiding).
 10840 | Lair:3   | 10840 ||| Stepping ~*~*~tactically~*~*~ (hiding).
 10848 | Lair:3   | Killed Nessos
 10849 | Lair:3   | Reached XP level 13. HP: 47/118 MP: 13/13
 11146 | Lair:3   | 11146 ||| PLANNING TEMPLE
 11327 | Temple   | Entered the Ecumenical Temple
 11386 | Temple   | 11386 ||| PLANNING CONVERSION TO OKAWARU
 11391 | Temple   | Fell from the grace of Ignis
 11391 | Temple   | Became a worshipper of Warmaster Okawaru
 11392 | Temple   | 11392 ||| PLANNING LAIR
 11629 | Lair:3   | Found a hole to the Spider Nest.
 11682 | Lair:3   | 11682 ||| Stepping ~*~*~tactically~*~*~ (stealth).
 11735 | Lair:3   | Found a staircase to the Shoals.
 11747 | Lair:3   | Reached skill level 6 in Fighting
 11964 | Lair:4   | 11964 ||| STAIRDANCE
 11984 | Lair:4   | You fall into a shaft and drop 1 floor!
 11984 | Lair:5   | Entered Level 5 of the Lair of Beasts
 11988 | Lair:5   | 11988 ||| Stepping ~*~*~tactically~*~*~ (outnumbered).
 11989 | Lair:5   | Noticed Rupert
 11990 | Lair:5   | 11990 ||| Stepping ~*~*~tactically~*~*~ (outnumbered).
 11991 | Lair:5   | Reached * piety under Okawaru
 11992 | Lair:5   | 11992 ||| INVOKING Heroism.
 11993 | Lair:5   | 11993 ||| Stepping ~*~*~tactically~*~*~ (outnumbered).
 11995 | Lair:5   | 11995 ||| Stepping ~*~*~tactically~*~*~ (outnumbered).
 12004 | Lair:5   | 12004 ||| INVOKING Heroism.
 12010 | Lair:5   | HP: 30/120 [wolf (6)]
 12011 | Lair:5   | 12011 ||| READING 5 scrolls of teleportation.
 12012 | Lair:5   | Killed Rupert
 12012 | Lair:5   | Slain by a spriggan rider

Levels and vault maps discovered:
D:1:      saegor_arrival_fortress, layout_rooms,
          ebering_ecumenical_altar_sacrificial
D:2:      layout_basic, roderic_lattice_a, patterned_corridor
D:3:      layout_basic, mainiacjoe_overflow_six_doors_small,
          chequers_temple_overflow_statue_of_worship, serial_bayou,
          serial_bayou_shore_b, serial_bayou_lagoon_a, serial_bayou_pond_e,
          serial_bayou_lake_a
D:4:      layout_rooms, grunt_qazlal_sundering, eat_drink_and_be_merry_uskayaw,
          kennysheep_windowed_goal
D:5:      layout_loops_ring, minmay_temple_entry_ruins,
          chequers_ossuary_entry_cave
D:6:      layout_loops_ring
D:7:      layout_gridville, uniq_joseph
D:8:      layout_loops_ring, grunt_temple_overflow_open, enter_bailey_2,
          chequers_serial_rivers_room_a
D:9:      minmay_cornered_nines, layout_long_grid, grunt_decor_arrowhead
D:10:     layout_irregular_city
D:11:     minmay_opposing_rooms, layout_basic, dpeg_lair_monsters, serial_shops,
          nicolae_lakefront_shop, bh_circular_ruins
Temple:   regret_index_temple_generic_petals
Lair:1:   layout_hall_layers, infiniplex_staircase_pool_2, uniq_fannar
Lair:2:   layout_loops_ring, amcnicky_altar_lugonu_corruption
Lair:3:   layout_long_grid, elwin_shoals_entry_stream, dummy_spider_entry,
          minivault_25, uniq_nessos
Lair:4:   layout_cave_pods, kennysheep_basilisk_garden, grunt_megastairs_5
Lair:5:   minmay_lair_end_enchanted_forest, layout_cave_shapes,
          nicolae_slime_entry_slimehenge, dreamdust_wasp_nest,
          infiniplex_staircase_pool, uniq_rupert

Skill      XL: |  1  2  3  4  5  6  7  8  9 10 11 12 13 |
---------------+----------------------------------------+-----
Unarmed Combat | 4 6 7 8 9 11 12 13 14 | 14.0
Fighting       | 3 4 5 6 |  6.0
Dodging        | 2 |  2.0
Throwing       | 1 3 4 5 |  5.9
Shields        | 6 10 13 14 | 14.0
Armour         | 1 |  1.4
Spellcasting   | |  1.0
Fire Magic     | |  2.1
Invocations    | |  0.5

Action                   |  1- 3 |  4- 6 |  7- 9 | 10-12 | 13-15 || total
-------------------------+-------+-------+-------+-------+-------++-------
Melee: Unarmed           |    96 |    95 |   247 |   466 |    55 ||   959
       Punch             |       |     2 |     4 |       |       ||     6
Throw: Boomerang         |       |       |     1 |       |       ||     1
       Javelin           |       |       |     5 |     2 |       ||     7
       Large rock        |       |       |       |    62 |     9 ||    71
Invok: Fiery Armour      |       |     1 |     5 |     7 |       ||    13
       Heroism           |       |       |       |       |     2 ||     2
  Use: Scroll            |     4 |     6 |     6 |     6 |     1 ||    23
       Potion            |     1 |     4 |     4 |     4 |       ||    13
 Stab: Sleeping          |       |       |       |       |     1 ||     1
Armor: Robe              |    26 |    23 |    58 |    63 |     7 ||   177
Dodge: Dodged            |    30 |    38 |    66 |    53 |    10 ||   197
Block: Tower shield      |       |       |   169 |   525 |    83 ||   777

Table legend:
 A = Non-vault XP
 B = Vault XP
 C = Vault XP percentage of total XP
 D = Non-vault monster count
 E = Vault monster count
 F = Vault count percentage of total count
                 A         B        C        D         E       F
            +---------+---------+-------+---------+---------+-------
      Total |   28993 |   16525 |  36.3 |     242 |      45 |  15.7
            +---------+---------+-------+---------+---------+-------
        D:1 |      25 |       0 |   0.0 |      15 |       0 |   0.0
        D:2 |      65 |       0 |   0.0 |      19 |       0 |   0.0
        D:3 |      17 |       0 |   0.0 |      11 |       0 |   0.0
        D:4 |     134 |       2 |   1.5 |       8 |       1 |  11.1
        D:5 |    1460 |       0 |   0.0 |      28 |       0 |   0.0
        D:6 |     254 |       0 |   0.0 |       7 |       0 |   0.0
        D:7 |    1081 |     481 |  30.8 |      22 |       1 |   4.3
        D:8 |     491 |       0 |   0.0 |      21 |       0 |   0.0
        D:9 |    1239 |    1686 |  57.6 |      13 |       3 |  18.8
       D:10 |    1503 |       0 |   0.0 |      12 |       0 |   0.0
       D:11 |    5777 |    8268 |  58.9 |      27 |      18 |  40.0
     Lair:1 |    3207 |     878 |  21.5 |      13 |       1 |   7.1
     Lair:2 |    8284 |       0 |   0.0 |      24 |       0 |   0.0
     Lair:3 |    5311 |    2358 |  30.7 |      21 |       4 |  16.0
     Lair:4 |       0 |     151 | 100.0 |       0 |       1 | 100.0
     Lair:5 |     145 |    2579 |  94.7 |       1 |       4 |  80.0
    Ossuary |       0 |     122 | 100.0 |       0 |      12 | 100.0
            +---------+---------+-------+---------+---------+-------
